 Dungeon Crawl Stone Soup version 0.31.0-9-g3a7656b989 (webtiles) character file.

Game seed: 14369472409354997633

275 qw the Shooter (level 6, -3/30 HPs)
             Began as a Spriggan Hunter on Feb 2, 2024.
             Was a Follower of Okawaru.
             Incinerated by a bombardier beetle (5 damage)
             ... with a burning spray
             ... on level 3 of the Dungeon.
             The game lasted 00:00:06 (1765 turns).

qw the Shooter (Spriggan Hunter)                    Turns: 1765, Time: 00:00:06

Health: -3/30      AC:  2    Str: 13    XL:     6   Next: 3%
Magic:  7/7        EV: 20    Int: 10    God:    Okawaru [*.....]
Gold:   125        SH:  0    Dex: 21    Spells: 5/5 levels left

rFire   . . .        a - +0 shortbow
rCold   . . .        (shield currently unavailable)
rNeg    . . .        c - +0 robe
rPois   .            (helmet restricted)
rElec   .            (no cloak)
rCorr   .            (gloves unavailable)
SInv    +            (boots unavailable)
Will    +....        (no amulet)
Stlth   +            f - +6 ring of strength
HPRegen 0.25/turn    (no ring)
MPRegen 0.10/turn

%: no passive effects
@: on fire, glowing, very quick
A: very small, no large weapons, unfitting armour, see invisible, speed 3
a: Renounce Religion, Heroism


You were on level 3 of the Dungeon.
You worshipped Okawaru.
Okawaru was aware of your devotion.
You visited 1 branch of the dungeon, and saw 3 of its levels.

You collected 125 gold pieces.


Innate Abilities, Weirdness & Mutations

You are very small and have problems with some larger weapons.
You are too small for most types of armour.
You have supernaturally acute eyesight. (SInv)
You cover ground extremely quickly. (Speed+++)


   Skills:
 + Level 1.5 Fighting
 - Level 6.4 Ranged Weapons
 - Level 5.2 Dodging
 - Level 1.5 Stealth
 + Level 0.1 Invocations


You had 5 spell levels left.
You didn't know any spells.
Your spell library was empty.

Inventory:

Hand Weapons
 a - a +0 shortbow (weapon)
Armour
 c - a +0 robe (worn)
Jewellery
 f - a +6 ring of strength (left hand)
Scrolls
 e - a scroll of fear {unknown}
 g - a scroll of revelation {unknown}
 i - 2 scrolls of identify
Potions
 b - a potion of curing
 d - a potion of cancellation
 h - a potion of might {unknown}

Dungeon Overview and Level Annotations

Branches:
Dungeon (3/15)

Altars:
Cheibriados
Kikubaaqudgha
Makhleb
Nemelex Xobeh
Okawaru


Message History

Found 3 stones.
Found a burning altar of Makhleb.
You open the door.
A bombardier beetle comes into view.
Found a sparkling altar of Nemelex Xobeh.
You shoot an arrow.
The arrow hits the bombardier beetle but does no damage.
You shoot an arrow.
The arrow hits the bombardier beetle but does no damage.
You shoot an arrow.
The arrow hits the bombardier beetle but does no damage.
You shoot an arrow.
The arrow closely misses the bombardier beetle.
The bombardier beetle sprays incendiary fluid at you.
The burning spray hits you.
You are covered in liquid fire!
You shoot an arrow.
The arrow hits the bombardier beetle but does no damage.
The liquid fire burns you!
You shoot an arrow.
The arrow barely misses the bombardier beetle.
The liquid fire burns you!
You shoot an arrow. The arrow hits the bombardier beetle!
The bombardier beetle is heavily wounded.
The liquid fire burns you!
The bombardier beetle sprays incendiary fluid at you.
The burning spray misses you.
You shoot an arrow. The arrow hits the bombardier beetle!
You kill the bombardier beetle!
Okawaru accepts your kill.
You can now gain great but temporary skills.
The liquid fire burns you!
Your Dodging skill increases to level 5!
You have reached level 6!
You are on fire!
The liquid fire burns you!
You are on fire!
The liquid fire burns you!
You are on fire!
The liquid fire burns you!
You die...

#### ...##### .##
##...##.##...##..#
#.8.8.#.#.8.8.##.#
#.._..#.#.._..##.#
#.8..(#.#...8.##.###
#...'#.#'...##....#
#.#####...#####.#.#.#
......%.}.........#.#
..#####@..#####.###.#
#...'#.#'...##....#
#.8...#.#...8.##.###
#.._..#.#.._..##.######
#.8.8.#.#.8.8.#........
##...##.##...##.#######
#### ... #####.# #.#
#.#.#### ..# #......#


There were no monsters in sight!

Vanquished Creatures
  Sigmund (D:3)
  A bombardier beetle (D:3)
  4 gnolls (D:3)
  2 dart slugs (D:1)
  A ribbon worm (D:3)
  2 ball pythons
  3 endoplasms
  3 giant cockroaches
  2 goblins
  3 hobgoblins
  6 quokkas
  7 bats
  4 frilled lizards
  2 kobolds
  2 rats
43 creatures vanquished.

Notes
Turn   | Place    | Note
-------+----------+-------------------------------------------
     0 | D:1      | qw the Spriggan Hunter began the quest for the Orb.
     0 | D:1      | Reached XP level 1. HP: 10/10 MP: 2/2
     0 | D:1      | 0 ||| qw: Version: 0.3-a-155-g5e7d8dd
     0 | D:1      | 0 ||| qw: Game counter: 2450
     0 | D:1      | 0 ||| qw: Melee chars always use a shield: true
     0 | D:1      | 0 ||| qw: God list: Okawaru
     0 | D:1      | 0 ||| qw: Allow faded altars: false
     0 | D:1      | 0 ||| qw: Do Orc after clearing Dungeon:15 true
     0 | D:1      | 0 ||| qw: Do second Lair branch before Depths: true
     0 | D:1      | 0 ||| qw: Lair rune preference: random
     0 | D:1      | 0 ||| qw: Goals: Normal
     0 | D:1      | 0 ||| PLANNING D:1-11
    53 | D:1      | Reached skill level 3 in Dodging
   117 | D:1      | Reached XP level 2. HP: 13/14 MP: 3/3
   582 | D:1      | 582 ||| DROPPING scroll of butterflies.
   661 | D:2      | Reached XP level 3. HP: 18/18 MP: 4/4
   833 | D:2      | Found an iron altar of Okawaru.
   834 | D:2      | 834 ||| PLANNING OKAWARU WORSHIP
   834 | D:2      | 834 ||| READING scroll labelled EGGIKL WOKKAH.
   838 | D:2      | 838 ||| DRINKING 2 purple potions.
   839 | D:2      | 839 ||| PLANNING D:1-11
  1015 | D:2      | 1015 ||| PLANNING OKAWARU WORSHIP
  1017 | D:2      | 1017 ||| UPGRADING to +6 ring of strength.
  1018 | D:2      | 1018 ||| READING scroll labelled OHEGGE NEOSASA.
  1018 | D:2      | 1018 ||| IDENTIFYING metallic white potion
  1023 | D:2      | Became a worshipper of Warmaster Okawaru
  1024 | D:2      | 1024 ||| PLANNING D:1-11
  1418 | D:3      | Noticed Sigmund
  1428 | D:3      | Killed Sigmund
  1429 | D:3      | Reached skill level 6 in Ranged Weapons
  1429 | D:3      | Reached XP level 4. HP: 22/22 MP: 5/5
  1429 | D:3      | Reached XP level 5. HP: 25/25 MP: 6/6
  1658 | D:3      | Reached * piety under Okawaru
  1734 | D:3      | Found a snail-covered altar of Cheibriados.
  1737 | D:3      | Found an ancient bone altar of Kikubaaqudgha.
  1751 | D:3      | Found a burning altar of Makhleb.
  1754 | D:3      | Found a sparkling altar of Nemelex Xobeh.
  1763 | D:3      | Reached XP level 6. HP: 8/30 MP: 7/7
  1763 | D:3      | HP: 4/30 [burnt (4)]
  1765 | D:3      | Incinerated by a bombardier beetle

Levels and vault maps discovered:
D:1:      roderic_crossed_star, layout_rooms, kennysheep_boxes
D:2:      layout_basic, basic_altar
D:3:      layout_loops_ring, grunt_temple_overflow_cloverleaf,
          nzn_wu_jian_council_hall, uniq_sigmund

Skill      XL: |  1  2  3  4  5 |
---------------+----------------+-----
Dodging        | 3 4 5 |  5.2
Ranged Weapons | 6 |  6.4
Fighting       | |  1.5
Stealth        | |  1.5
Invocations    | |  0.1

Action                     |  1- 3 |  4- 6 || total
---------------------------+-------+-------++-------
   Fire: Shortbow          |   103 |    43 ||   146
    Use: Scroll            |     2 |       ||     2
         Potion            |     1 |       ||     1
 Armour: Robe              |    12 |     3 ||    15
  Dodge: Dodged            |    19 |    11 ||    30

Table legend:
 A = Non-vault XP
 B = Vault XP
 C = Vault XP percentage of total XP
 D = Non-vault monster count
 E = Vault monster count
 F = Vault count percentage of total count
                 A         B        C        D         E       F
            +---------+---------+-------+---------+---------+-------
      Total |     167 |     226 |  57.5 |      42 |       1 |   2.3
            +---------+---------+-------+---------+---------+-------
        D:1 |      39 |       0 |   0.0 |      21 |       0 |   0.0
        D:2 |      11 |       0 |   0.0 |       7 |       0 |   0.0
        D:3 |     117 |     226 |  65.9 |      14 |       1 |   6.7
            +---------+---------+-------+---------+---------+-------
